Map: Newkirk Precinct TE (Void)

Players

Musumeci

  • Race: Zerg Zerg
  • League: Diamond
  • Spawn Location: 7:00

AlphaÄffchen - Winner!

  • Race: Terran Terran
  • League: Diamond
  • Spawn Location: 5:00

VOD

Have the link to the VOD?

Description

Time

  • Played on: Jan. 19, 2017, 12:20 p.m.
  • Length: 11:50
Show
View Real Time Build Order
Export as new Build Order

Musumeci Zerg 

Build Orders: Hatch First 

Get SALT Encoding   

  12  0:01  Drone  
  13  0:23  Extractor  
  13  0:24  Drone x2  
  15  0:48  Hatchery  
  14  0:52  Drone, Extractor  
  15  1:06  Spawning Pool  
  15  1:07  Extractor  
  15  1:10  Drone  
  15  1:23  Extractor  
  14  1:28  Drone, Extractor x2  
  14  1:29  Drone  
  14  1:32  Overlord  
  17  1:53  Drone x2, Extractor  
  18  1:54  Queen  
  18  1:59  Queen  
  22  2:06  Drone x2  
  25  2:11  Drone  
  25  2:24  Overlord  
  25  2:30  Queen  
  27  2:42  Queen  
  29  2:45  Drone  
  29  2:46  Drone x4  
  29  2:50  Drone  
  35  2:57  Overlord  
  35  3:00  Overlord  
  35  3:02  Drone  
  36  3:16  Drone x6  
  42  3:20  Extractor  
  42  3:22  Extractor  
  42  3:25  Roach Warren  
  39  3:27  Drone  
  39  3:30  Drone  
  41  3:45  Evolution Chamber  
  40  3:49  Evolution Chamber  
  40  3:54  Drone x3  
  42  3:57  Drone  
  43  4:09  Roach  
  45  4:12  Drone x3  
  45  4:14  Overlord x2  
  45  4:32  Evolution Chamber  
  45  4:34  Evolution Chamber  
  37  4:47  Drone x7  
  44  4:55  Drone  
  44  4:56  Drone  
  46  5:00  Lair  
  46  5:03  Hatchery  
  45  5:08  Roach x2  
  45  5:13  Overlord x2  
  49  5:16  Extractor  
  48  5:33  Drone x2  
  48  5:34  Drone  
  52  5:35  Drone  
  52  5:36  Drone x3  
  52  5:38  Extractor  
  52  5:41  Drone x3  
  57  5:53  Roach x2  
  61  5:59  Evolution Chamber  
  61  6:01  Ravager x3  
  61  6:03  Evolution Chamber  
  61  6:04  Roach x6  
  75  6:15  Ravager  
  76  6:18  Zergling x6  
  76  6:19  Zergling x2  
  79  6:39  Ravager  
  82  6:40  Ravager x2  
  82  6:41  Zergling x2  
  82  6:42  Zergling x2  
  66  6:58  Ravager  
  66  6:59  Ravager  
  63  7:06  Roach  
  63  7:07  Roach x3  
  71  7:09  Zergling x12  
  71  7:10  Zergling x4  
  79  7:16  Metabolic Boost  
  79  7:34  Zerg Missile Weapons Level 1  
  79  7:36  Glial Reconstitution  
  79  7:43  Hatchery  
  77  8:18  Ravager  
  77  8:19  Overlord x5  
  77  8:38  Zergling x6  
  77  8:40  Ravager x3  
  87  8:41  Roach x4  
  87  8:42  Roach x2  
  95  8:57  Roach x3  
  95  8:58  Roach x3  
  107  9:07  Drone x2  
  107  9:08  Drone x2  
  111  9:18  Extractor  
  111  9:22  Extractor  
  56  9:39  Roach x12  
  76  10:05  Zergling x10  
  67  10:16  Ravager x2  
  67  10:17  Ravager x6  
  55  10:32  Zergling x2  
  55  10:33  Zergling x12  
  47  10:41  Roach x6  
  54  10:49  Hatchery  
  49  10:55  Roach  
  49  10:56  Roach x2  
  36  11:12  Roach x8  
  36  11:16  Ravager  
  36  11:17  Ravager x2  
  52  11:19  Ravager  
Show
View Real Time Build Order
Export as new Build Order

AlphaÄffchen Terran - Winner!

Build Orders: Mech 

Get SALT Encoding   

  12  0:01  SCV  
  13  0:13  SCV  
  14  0:18  Supply Depot  
  14  0:25  SCV  
  15  0:29  Refinery  
  15  0:40  SCV  
  16  0:46  Barracks  
  16  0:52  SCV  
  17  1:04  SCV  
  18  1:16  SCV  
  19  1:28  SCV  
  20  1:34  Reaper  
  21  1:41  Orbital Command  
  21  1:57  Command Center  
  21  2:19  Barracks Reactor, Factory  
  21  2:22  Refinery  
  21  2:25  SCV  
  22  2:30  Supply Depot  
  22  2:37  SCV  
  23  2:51  SCV  
  23  2:54  Supply Depot  
  24  3:06  Factory  
  24  3:09  Hellion x2  
  24  3:11  Orbital Command  
  28  3:28  SCV  
  28  3:30  Hellion x2  
  28  3:33  Barracks Reactor  
  33  3:38  SCV  
  34  3:42  Refinery  
  34  3:47  Refinery  
  34  3:51  Cyclone  
  34  3:54  Cyclone  
  40  4:07  Supply Depot  
  40  4:12  SCV x2  
  40  4:24  SCV  
  38  4:31  Cyclone x2  
  38  4:32  Cyclone  
  47  4:47  Cyclone  
  47  4:51  Supply Depot  
  47  4:52  SCV x2  
  48  5:04  SCV  
  48  5:05  SCV  
  50  5:11  Command Center  
  50  5:16  Cyclone  
  50  5:21  Supply Depot  
  53  5:27  Cyclone  
  56  5:32  SCV x2  
  58  5:43  Cyclone  
  58  5:44  SCV x2  
  58  5:47  Cyclone  
  66  5:52  Supply Depot  
  66  5:56  SCV  
  67  6:00  Cyclone  
  67  6:02  Cyclone  
  73  6:18  Factory  
  73  6:19  SCV  
  73  6:20  SCV, Armory  
  75  6:27  Engineering Bay  
  75  6:29  Barracks Tech Lab  
  75  6:39  Cyclone x2  
  84  6:40  Cyclone  
  75  6:53  Cyclone  
  60  7:11  Cyclone  
  60  7:14  Cyclone x2  
  60  7:15  Orbital Command  
  69  7:21  Supply Depot  
  69  7:25  Cyclone  
  69  7:26  Siege Tank  
  75  7:33  SCV x2  
  77  7:39  Starport  
  77  7:43  Missile Turret  
  77  7:45  SCV x3  
  77  7:48  Barracks Reactor, Terran Vehicle Weapons Level 1  
  80  7:57  SCV  
  80  7:58  Hellion x3  
  87  8:10  Thor  
  93  8:19  Orbital Command  
  93  8:24  Missile Turret  
  93  8:32  Factory, Supply Depot  
  93  8:33  Hellion x4  
  101  8:35  Barracks Tech Lab  
  101  8:46  SCV x3  
  104  8:52  Refinery  
  104  8:53  Cyclone  
  104  8:54  Cyclone  
  110  9:03  Missile Turret  
  110  9:04  Supply Depot  
  110  9:05  Supply Depot  
  110  9:07  Hellion x2  
  111  9:25  Thor  
  90  9:39  Cyclone x4  
  99  10:08  Cyclone  
  99  10:12  Hellion x3  
  99  10:13  Hellion  
  107  10:16  Liberator  
  97  10:33  Hellion  
  90  10:40  Thor  
  96  10:53  Cyclone  
  96  10:54  Cyclone x2  
  99  11:10  Hellbat  
  104  11:26  Hellion, Hellbat  
Tags
 
Composition
Mech
Matchup
TvZ
Replay Pack
replay pack
Spawn Locations
Close Positions
Add a new tag
Caveats
  • Supply blocks, unpowered buildings, or Contaminate may cause inaccurate times.
  • Supply counts are checked every 10 seconds.